[ PARTIDA AOE2 · #486324699 ]
Team RMMalayos vs Shu
[ ANÁLISIS DE REPETICIÓN · EXTRAÍDO DE LA PARTIDA GRABADA ]
Feudal
10:04
Castillos
15:38
Imperial
—
| APM promedio | 21.7 |
| APM pico | 45 |
| eAPM promedio | 16.5 |
| Aldeanos / militares | 86 / 55 |
Foco
⚔️ 18.3% · 🌾 81.7%
Battle Elephant ×32 · Karambit Warrior ×20 · Fishing Ship ×16 · Spearman ×3
Feudal
12:01
Castillos
16:47
Imperial
—
| APM promedio | 28.9 |
| APM pico | 45 |
| eAPM promedio | 20.1 |
| Aldeanos / militares | 86 / 50 |
Foco
⚔️ 27.5% · 🌾 72.5%
Archer ×28 · Samurai ×10 · Fishing Ship ×9 · Battering Ram ×7 · Spearman ×3 · Unknown (2626) ×2
Feudal
10:59
Castillos
16:28
Imperial
—
| APM promedio | 20.9 |
| APM pico | 55 |
| eAPM promedio | 14.8 |
| Aldeanos / militares | 74 / 1 |
Foco
⚔️ 15.9% · 🌾 84.1%
Unknown (1959) ×8 · Spearman ×1
Feudal
9:10
Castillos
15:06
Imperial
—
| APM promedio | 25.3 |
| APM pico | 60 |
| eAPM promedio | 14.7 |
| Aldeanos / militares | 59 / 42 |
Foco
⚔️ 31.5% · 🌾 68.5%
Knight ×27 · Spearman ×12 · Fishing Ship ×7 · Monk ×2 · Scout Cavalry ×1
Mapa de la partida
Recursos iniciales + cada clic de construcción. Líneas = muros · curvas = relieve. ◆ oro · ⬟ piedra · ● bayas · ✦ reliquia · ◌ hueco del cierre
Tu base· Abierta — flanco sin cerrar
Base de Hypoli· Abierta — flanco sin cerrar
Base de TorjusB· Abierta — flanco sin cerrar
Base de Legolars· Abierta — flanco sin cerrar
Terreno inicial suavizado · ◌ = hueco del cierre detectado · pasá el cursor para detalles
Inputs por minuto
— Hawk of Avalon - - Hypoli
Build order — Hawk of Avalon
Primeras 150 de 215 acciones detectadas
| 0:03 | Crear | Villager (Male) ×4 |
| 0:06 | Construir | House |
| 0:08 | Construir | House |
| 0:22 | Investigar | Loom |
| 0:46 | Crear | Villager (Male) |
| 1:24 | Crear | Villager (Male) |
| 1:42 | Crear | Villager (Male) |
| 2:05 | Crear | Villager (Male) |
| 2:19 | Crear | Villager (Male) |
| 2:21 | Crear | Villager (Male) |
| 2:38 | Crear | Villager (Male) |
| 2:42 | Crear | Villager (Male) |
| 2:50 | Construir | Lumber Camp |
| 3:05 | Construir | House |
| 3:08 | Crear | Villager (Male) |
| 3:09 | Crear | Villager (Male) |
| 3:23 | Crear | Villager (Male) |
| 3:38 | Construir | House |
| 3:43 | Crear | Villager (Male) |
| 4:01 | Crear | Villager (Male) |
| 4:02 | Crear | Villager (Male) |
| 4:13 | Construir | House |
| 4:30 | Crear | Villager (Male) |
| 4:31 | Crear | Villager (Male) |
| 5:02 | Crear | Villager (Male) |
| 5:09 | Construir | Mill |
| 5:13 | Crear | Villager (Male) |
| 5:48 | Crear | Villager (Male) |
| 5:49 | Crear | Villager (Male) |
| 6:14 | Construir | Dock |
| 6:18 | Crear | Villager (Male) |
| 6:18 | Crear | Villager (Male) |
| 6:19 | Crear | Villager (Male) |
| 6:20 | Crear | Villager (Male) |
| 6:25 | Crear | Villager (Male) |
| 6:25 | Crear | Villager (Male) |
| 6:25 | Crear | Villager (Male) |
| 6:50 | Crear | Villager (Male) |
| 6:54 | Construir | House |
| 7:00 | Construir | Mining Camp |
| 7:05 | Crear | Fishing Ship |
| 7:05 | Crear | Fishing Ship |
| 7:23 | Construir | House |
| 8:04 | Crear | Fishing Ship |
| 8:38 | Crear | Fishing Ship |
| 8:38 | Crear | Fishing Ship |
| 8:46 | Investigar | Feudal Age |
| 9:00 | Construir | Palisade Wall |
| 9:02 | Construir | Palisade Wall |
| 9:14 | Construir | Palisade Wall |
| 9:16 | Construir | Palisade Gate |
| 9:25 | Crear | Villager (Male) |
| 9:26 | Crear | Villager (Male) |
| 9:26 | Crear | Villager (Male) |
| 9:26 | Crear | Villager (Male) |
| 9:31 | Crear | Villager (Male) |
| 9:34 | Crear | Villager (Male) |
| 9:53 | Construir | Palisade Gate |
| 9:59 | Construir | Lumber Camp |
| 10:02 | Construir | House |
| 10:04 | Edad | Edad Feudal |
| 10:05 | Construir | House |
| 10:50 | Construir | Lumber Camp |
| 10:56 | Crear | Villager (Male) |
| 10:56 | Crear | Villager (Male) |
| 10:58 | Crear | Villager (Male) |
| 11:10 | Construir | House |
| 11:12 | Construir | House |
| 11:15 | Construir | House |
| 11:16 | Construir | House |
| 11:31 | Crear | Villager (Male) |
| 11:35 | Investigar | Double-Bit Axe |
| 11:50 | Construir | Mill |
| 12:00 | Crear | Villager (Male) |
| 12:01 | Crear | Villager (Male) |
| 12:14 | Crear | Fishing Ship |
| 12:14 | Crear | Fishing Ship |
| 12:16 | Crear | Fishing Ship |
| 12:27 | Crear | Villager (Male) |
| 12:27 | Crear | Villager (Male) |
| 12:36 | Construir | Mining Camp |
| 12:46 | Construir | Palisade Wall |
| 12:51 | Construir | Palisade Gate |
| 13:00 | Construir | Market |
| 13:10 | Construir | Blacksmith |
| 13:16 | Crear | Villager (Male) |
| 13:25 | Construir | Lumber Camp |
| 13:34 | Construir | Farm |
| 13:56 | Crear | Villager (Male) |
| 13:56 | Crear | Villager (Male) |
| 14:00 | Crear | Villager (Male) |
| 14:01 | Crear | Villager (Male) |
| 14:02 | Investigar | Castle Age |
| 14:10 | Construir | Farm |
| 14:12 | Construir | Farm |
| 14:18 | Construir | Farm |
| 14:26 | Construir | Farm |
| 14:30 | Construir | Farm |
| 14:33 | Investigar | Horse Collar |
| 14:41 | Investigar | Stone Mining |
| 14:49 | Construir | Dock |
| 15:01 | Construir | Watch Tower |
| 15:04 | Investigar | Fletching |
| 15:13 | Construir | Gate |
| 15:22 | Construir | Stone Wall |
| 15:25 | Construir | Gate |
| 15:38 | Edad | Edad de los Castillos |
| 15:56 | Construir | Barracks |
| 16:02 | Crear | Villager (Male) |
| 16:02 | Crear | Villager (Male) |
| 16:02 | Crear | Villager (Male) |
| 16:06 | Crear | Fishing Ship |
| 16:07 | Crear | Fishing Ship |
| 16:07 | Crear | Fishing Ship |
| 16:07 | Crear | Fishing Ship |
| 16:08 | Crear | Fishing Ship |
| 16:11 | Crear | Villager (Male) |
| 16:11 | Crear | Villager (Male) |
| 16:12 | Crear | Villager (Male) |
| 16:12 | Crear | Villager (Male) |
| 16:12 | Crear | Villager (Male) |
| 16:13 | Crear | Villager (Male) |
| 16:44 | Construir | Mining Camp |
| 16:55 | Crear | Villager (Male) |
| 16:56 | Crear | Villager (Male) |
| 16:57 | Crear | Villager (Male) |
| 17:01 | Investigar | Stone Shaft Mining |
| 17:05 | Construir | Mining Camp |
| 17:10 | Crear | Villager (Male) |
| 17:10 | Crear | Villager (Male) |
| 17:21 | Crear | Villager (Male) |
| 17:21 | Crear | Villager (Male) |
| 17:50 | Investigar | Bodkin Arrow |
| 18:02 | Construir | Mining Camp |
| 18:04 | Crear | Villager (Male) |
| 18:11 | Construir | House |
| 18:12 | Construir | House |
| 18:13 | Construir | House |
| 18:14 | Construir | House |
| 18:31 | Construir | Siege Workshop |
| 18:51 | Crear | Villager (Male) |
| 18:51 | Crear | Villager (Male) |
| 18:52 | Crear | Villager (Male) |
| 18:52 | Crear | Villager (Male) |
| 19:03 | Construir | Stable |
| 19:04 | Construir | Stable |
| 19:08 | Investigar | Gold Mining |
| 19:25 | Construir | University |
| 19:28 | Investigar | Bow Saw |
| 19:40 | Construir | House |
Build order — Hypoli
Primeras 150 de 220 acciones detectadas
| 0:03 | Crear | Villager (Male) |
| 0:03 | Crear | Villager (Male) |
| 0:07 | Construir | House |
| 0:07 | Construir | House |
| 0:40 | Crear | Villager (Male) |
| 0:40 | Construir | Lumber Camp |
| 0:52 | Crear | Villager (Male) |
| 1:07 | Investigar | Loom |
| 1:29 | Crear | Villager (Male) |
| 2:06 | Crear | Villager (Male) |
| 2:31 | Crear | Villager (Male) |
| 2:49 | Crear | Villager (Male) |
| 3:22 | Crear | Villager (Male) |
| 3:24 | Crear | Villager (Male) |
| 3:31 | Construir | House |
| 3:32 | Construir | House |
| 3:50 | Crear | Villager (Male) |
| 3:57 | Crear | Villager (Male) |
| 4:11 | Crear | Villager (Male) |
| 4:30 | Crear | Villager (Male) |
| 4:48 | Crear | Villager (Male) |
| 4:59 | Crear | Villager (Male) |
| 5:21 | Crear | Villager (Male) |
| 5:40 | Crear | Villager (Male) |
| 5:46 | Crear | Villager (Male) |
| 5:58 | Construir | Dock |
| 6:11 | Construir | Mining Camp |
| 6:15 | Construir | Mill |
| 6:17 | Crear | Villager (Male) |
| 6:28 | Construir | House |
| 6:29 | Construir | House |
| 6:31 | Construir | Mining Camp |
| 6:35 | Crear | Villager (Male) |
| 6:46 | Crear | Fishing Ship |
| 6:47 | Crear | Fishing Ship |
| 6:51 | Crear | Villager (Male) |
| 6:56 | Construir | House |
| 7:11 | Crear | Villager (Male) |
| 7:12 | Crear | Villager (Male) |
| 7:17 | Crear | Villager (Male) |
| 7:20 | Crear | Villager (Male) |
| 7:35 | Construir | House |
| 7:38 | Construir | House |
| 7:41 | Crear | Villager (Male) |
| 7:43 | Crear | Villager (Male) |
| 8:19 | Crear | Villager (Male) |
| 8:28 | Crear | Villager (Male) |
| 8:43 | Crear | Villager (Male) |
| 8:53 | Construir | Barracks |
| 8:58 | Crear | Villager (Male) |
| 9:21 | Crear | Fishing Ship |
| 9:22 | Crear | Fishing Ship |
| 9:26 | Crear | Villager (Male) |
| 9:29 | Crear | Villager (Male) |
| 9:42 | Investigar | Feudal Age |
| 9:56 | Construir | Lumber Camp |
| 10:09 | Crear | Villager (Male) |
| 10:30 | Construir | Mill |
| 10:33 | Crear | Villager (Male) |
| 10:33 | Crear | Villager (Male) |
| 11:00 | Construir | House |
| 11:05 | Construir | Palisade Gate |
| 11:13 | Crear | Fishing Ship |
| 11:14 | Crear | Fishing Ship |
| 11:26 | Construir | House |
| 11:27 | Construir | House |
| 11:28 | Construir | House |
| 11:37 | Crear | Villager (Male) |
| 11:37 | Crear | Villager (Male) |
| 11:51 | Construir | Mill |
| 12:01 | Edad | Edad Feudal |
| 12:07 | Construir | Dock |
| 12:12 | Investigar | Double-Bit Axe |
| 12:19 | Crear | Villager (Male) |
| 12:23 | Crear | Villager (Male) |
| 12:33 | Construir | Blacksmith |
| 12:36 | Crear | Villager (Male) |
| 12:41 | Crear | Villager (Male) |
| 13:01 | Construir | Archery Range |
| 13:03 | Crear | Villager (Male) |
| 13:05 | Crear | Villager (Male) |
| 13:16 | Construir | Mining Camp |
| 13:22 | Crear | Unit 2626 |
| 13:22 | Crear | Unit 2626 |
| 13:24 | Crear | Villager (Male) |
| 13:28 | Crear | Villager (Male) |
| 13:32 | Crear | Demolition Raft |
| 13:34 | Crear | Fishing Ship |
| 13:42 | Crear | Villager (Male) |
| 13:54 | Investigar | Castle Age |
| 14:04 | Crear | Archer |
| 14:05 | Crear | Archer |
| 14:05 | Crear | Archer |
| 14:13 | Construir | Archery Range |
| 14:18 | Crear | Villager (Male) |
| 14:22 | Investigar | Gold Mining |
| 14:37 | Crear | Fishing Ship |
| 14:39 | Crear | Villager (Male) |
| 14:39 | Crear | Villager (Male) |
| 14:42 | Investigar | Town Watch |
| 14:44 | Crear | Villager (Male) |
| 14:53 | Crear | Fishing Ship |
| 14:55 | Crear | Villager (Male) |
| 15:06 | Investigar | Fletching |
| 15:07 | Investigar | Padded Archer Armor |
| 15:11 | Crear | Archer |
| 15:11 | Crear | Archer |
| 15:11 | Crear | Archer |
| 15:14 | Crear | Archer |
| 15:22 | Crear | Villager (Male) |
| 15:24 | Construir | Farm |
| 15:24 | Construir | Farm |
| 15:29 | Crear | Villager (Male) |
| 15:40 | Construir | Lumber Camp |
| 15:49 | Construir | House |
| 15:50 | Construir | House |
| 15:51 | Construir | House |
| 15:51 | Construir | House |
| 15:51 | Construir | House |
| 15:55 | Crear | Villager (Male) |
| 16:07 | Crear | Archer |
| 16:07 | Crear | Archer |
| 16:08 | Crear | Archer |
| 16:08 | Crear | Archer |
| 16:10 | Crear | Archer |
| 16:29 | Construir | House |
| 16:47 | Edad | Edad de los Castillos |
| 16:48 | Construir | Archery Range |
| 16:52 | Investigar | Crossbowman (upgrade) |
| 17:02 | Crear | Villager (Male) |
| 17:08 | Construir | Castle |
| 17:12 | Crear | Archer |
| 17:12 | Crear | Archer |
| 17:18 | Investigar | Bodkin Arrow |
| 17:19 | Investigar | Leather Archer Armor |
| 17:20 | Crear | Villager (Male) |
| 17:20 | Crear | Villager (Male) |
| 17:33 | Construir | Farm |
| 17:33 | Construir | Farm |
| 17:34 | Construir | Farm |
| 17:34 | Construir | Farm |
| 17:34 | Construir | Farm |
| 17:34 | Construir | Farm |
| 17:45 | Construir | University |
| 17:49 | Crear | Villager (Male) |
| 17:49 | Crear | Villager (Male) |
| 17:52 | Construir | House |
| 17:52 | Construir | House |
| 17:52 | Construir | House |
| 17:53 | Construir | House |
Build order — TorjusB
Primeras 150 de 186 acciones detectadas
| 0:03 | Construir | House |
| 0:04 | Construir | House |
| 0:08 | Construir | House |
| 0:10 | Construir | House |
| 0:24 | Crear | Villager (Male) |
| 0:25 | Crear | Villager (Male) |
| 0:25 | Crear | Villager (Male) |
| 0:25 | Crear | Villager (Male) |
| 0:43 | Crear | Villager (Male) |
| 0:43 | Crear | Villager (Male) |
| 0:43 | Crear | Villager (Male) |
| 1:41 | Crear | Villager (Male) |
| 1:42 | Crear | Villager (Male) |
| 1:54 | Crear | Villager (Male) |
| 1:54 | Crear | Villager (Male) |
| 2:01 | Crear | Villager (Male) |
| 2:32 | Crear | Villager (Male) |
| 2:34 | Crear | Villager (Male) |
| 3:08 | Crear | Villager (Male) |
| 3:09 | Crear | Villager (Male) |
| 3:09 | Crear | Villager (Male) |
| 3:09 | Crear | Villager (Male) |
| 3:36 | Crear | Villager (Male) |
| 3:36 | Crear | Villager (Male) |
| 3:37 | Crear | Villager (Male) |
| 4:05 | Construir | Lumber Camp |
| 4:11 | Crear | Villager (Male) |
| 4:20 | Crear | Villager (Male) |
| 4:22 | Crear | Villager (Male) |
| 4:22 | Crear | Villager (Male) |
| 4:27 | Crear | Villager (Male) |
| 5:47 | Construir | House |
| 5:49 | Construir | House |
| 5:50 | Construir | House |
| 5:54 | Crear | Villager (Male) |
| 5:54 | Crear | Villager (Male) |
| 5:57 | Crear | Villager (Male) |
| 6:37 | Crear | Villager (Male) |
| 6:37 | Crear | Villager (Male) |
| 6:37 | Crear | Villager (Male) |
| 6:38 | Crear | Villager (Male) |
| 6:44 | Crear | Villager (Male) |
| 7:00 | Crear | Villager (Male) |
| 7:00 | Crear | Villager (Male) |
| 7:09 | Construir | House |
| 7:15 | Construir | Palisade Gate |
| 7:21 | Construir | House |
| 7:22 | Construir | House |
| 7:50 | Construir | Mill |
| 8:24 | Investigar | Feudal Age |
| 8:27 | Investigar | Loom |
| 8:33 | Crear | Villager (Male) |
| 8:33 | Crear | Villager (Male) |
| 8:34 | Crear | Villager (Male) |
| 9:00 | Construir | Mill |
| 9:21 | Construir | Mining Camp |
| 9:32 | Construir | House |
| 9:34 | Construir | House |
| 9:35 | Construir | House |
| 10:18 | Construir | Mining Camp |
| 10:22 | Crear | Villager (Male) |
| 10:24 | Crear | Villager (Male) |
| 10:43 | Crear | Villager (Male) |
| 10:58 | Construir | Palisade Wall |
| 10:59 | Edad | Edad Feudal |
| 11:04 | Construir | Palisade Wall |
| 11:35 | Construir | Market |
| 11:47 | Crear | Villager (Male) |
| 11:51 | Crear | Villager (Male) |
| 12:05 | Construir | Blacksmith |
| 12:12 | Investigar | Horse Collar |
| 12:14 | Investigar | Gold Mining |
| 12:22 | Investigar | Double-Bit Axe |
| 12:22 | Investigar | Double-Bit Axe |
| 12:22 | Investigar | Double-Bit Axe |
| 12:27 | Crear | Villager (Male) |
| 12:30 | Crear | Villager (Male) |
| 12:31 | Crear | Villager (Male) |
| 12:33 | Crear | Villager (Male) |
| 12:36 | Crear | Villager (Male) |
| 13:06 | Construir | Mill |
| 13:27 | Construir | Mining Camp |
| 13:48 | Investigar | Castle Age |
| 14:48 | Crear | Villager (Male) |
| 15:00 | Construir | Farm |
| 15:02 | Crear | Villager (Male) |
| 15:29 | Construir | Barracks |
| 15:31 | Construir | House |
| 16:09 | Construir | Mill |
| 16:28 | Construir | House |
| 16:28 | Edad | Edad de los Castillos |
| 16:34 | Construir | House |
| 16:36 | Construir | House |
| 16:46 | Construir | Farm |
| 17:04 | Construir | Farm |
| 17:12 | Construir | House |
| 17:23 | Construir | Gate |
| 17:41 | Construir | Castle |
| 17:53 | Construir | Gate |
| 18:14 | Investigar | Wheelbarrow |
| 18:15 | Crear | Villager (Male) |
| 18:15 | Crear | Villager (Male) |
| 18:15 | Crear | Villager (Male) |
| 18:15 | Crear | Villager (Male) |
| 18:21 | Construir | Mining Camp |
| 18:28 | Investigar | Town Watch |
| 18:30 | Crear | Villager (Male) |
| 18:30 | Crear | Villager (Male) |
| 18:30 | Crear | Villager (Male) |
| 18:31 | Crear | Villager (Male) |
| 18:31 | Crear | Villager (Male) |
| 18:40 | Investigar | Stone Mining |
| 18:53 | Construir | Farm |
| 19:32 | Construir | Stone Wall |
| 19:52 | Construir | Castle |
| 20:03 | Construir | Gate |
| 20:22 | Construir | Farm |
| 20:26 | Investigar | Heavy Plow |
| 20:32 | Construir | Farm |
| 20:33 | Construir | Farm |
| 20:36 | Construir | Farm |
| 20:37 | Construir | Farm |
| 20:39 | Construir | Farm |
| 20:42 | Crear | Villager (Male) |
| 20:45 | Construir | Farm |
| 20:47 | Crear | Villager (Male) |
| 20:48 | Crear | Villager (Male) |
| 21:05 | Construir | Farm |
| 21:08 | Crear | Villager (Male) |
| 21:12 | Construir | Farm |
| 21:14 | Crear | Villager (Male) |
| 21:35 | Construir | Mining Camp |
| 21:44 | Construir | Farm |
| 21:47 | Construir | Farm |
| 21:54 | Investigar | Gold Shaft Mining |
| 22:06 | Construir | Town Center |
| 22:12 | Crear | Unit 1959 |
| 22:13 | Crear | Unit 1959 |
| 22:17 | Crear | Unit 1959 |
| 22:17 | Crear | Unit 1959 |
| 22:39 | Investigar | Forging |
| 22:40 | Investigar | Fletching |
| 22:43 | Crear | Spearman |
| 22:54 | Construir | House |
| 22:56 | Construir | House |
| 22:57 | Construir | House |
| 23:12 | Construir | Farm |
| 23:12 | Construir | Farm |
| 23:14 | Construir | Farm |
| 23:15 | Construir | Farm |
Build order — Legolars
Primeras 150 de 161 acciones detectadas
| 0:01 | Crear | Villager (Male) |
| 0:02 | Crear | Villager (Male) |
| 0:02 | Crear | Villager (Male) |
| 0:02 | Crear | Villager (Male) |
| 1:13 | Crear | Villager (Male) |
| 1:19 | Crear | Villager (Male) |
| 1:52 | Crear | Villager (Male) |
| 1:57 | Crear | Villager (Male) |
| 1:57 | Crear | Villager (Male) |
| 1:57 | Crear | Villager (Male) |
| 2:31 | Crear | Villager (Male) |
| 2:51 | Crear | Villager (Male) |
| 3:23 | Crear | Villager (Male) |
| 3:23 | Crear | Villager (Male) |
| 3:24 | Crear | Villager (Male) |
| 3:25 | Crear | Villager (Male) |
| 3:39 | Construir | Lumber Camp |
| 4:02 | Crear | Villager (Male) |
| 4:11 | Crear | Villager (Male) |
| 4:13 | Crear | Villager (Male) |
| 4:19 | Crear | Villager (Male) |
| 4:32 | Crear | Villager (Male) |
| 4:32 | Crear | Villager (Male) |
| 4:34 | Crear | Villager (Male) |
| 4:35 | Crear | Villager (Male) |
| 4:36 | Crear | Villager (Male) |
| 4:37 | Crear | Villager (Male) |
| 5:13 | Crear | Villager (Male) |
| 5:17 | Crear | Villager (Male) |
| 6:05 | Construir | Mill |
| 6:12 | Crear | Villager (Male) |
| 6:22 | Construir | Mill |
| 6:56 | Crear | Villager (Male) |
| 6:57 | Crear | Villager (Male) |
| 7:00 | Investigar | Feudal Age |
| 7:04 | Crear | Villager (Male) |
| 7:04 | Crear | Villager (Male) |
| 8:10 | Construir | Dock |
| 8:19 | Construir | Mining Camp |
| 8:24 | Crear | Villager (Male) |
| 8:24 | Crear | Villager (Male) |
| 8:36 | Investigar | Loom |
| 8:50 | Construir | Barracks |
| 9:10 | Edad | Edad Feudal |
| 9:15 | Investigar | Double-Bit Axe |
| 9:17 | Crear | Villager (Male) |
| 9:18 | Crear | Villager (Male) |
| 9:20 | Crear | Villager (Male) |
| 9:20 | Crear | Villager (Male) |
| 9:21 | Crear | Villager (Male) |
| 9:26 | Crear | Fishing Ship |
| 10:08 | Construir | Lumber Camp |
| 10:26 | Crear | Fishing Ship |
| 10:52 | Crear | Villager (Male) |
| 11:00 | Crear | Villager (Male) |
| 11:02 | Crear | Villager (Male) |
| 11:02 | Crear | Villager (Male) |
| 11:15 | Construir | Stable |
| 11:36 | Construir | Blacksmith |
| 11:55 | Construir | Mining Camp |
| 12:01 | Crear | Villager (Male) |
| 12:02 | Crear | Villager (Male) |
| 12:05 | Crear | Villager (Male) |
| 12:05 | Crear | Villager (Male) |
| 12:11 | Investigar | Horse Collar |
| 12:22 | Investigar | Castle Age |
| 12:36 | Investigar | Tech 906 |
| 12:37 | Crear | Fishing Ship |
| 12:37 | Crear | Fishing Ship |
| 12:47 | Investigar | Forging |
| 12:48 | Investigar | Scale Barding Armor |
| 12:56 | Investigar | Bloodlines |
| 13:07 | Crear | Villager (Male) |
| 13:07 | Crear | Villager (Male) |
| 13:15 | Construir | Farm |
| 13:15 | Construir | Farm |
| 13:25 | Construir | Lumber Camp |
| 13:47 | Construir | Farm |
| 13:50 | Construir | Farm |
| 13:54 | Construir | Farm |
| 13:57 | Construir | Farm |
| 14:00 | Crear | Fishing Ship |
| 14:19 | Crear | Fishing Ship |
| 14:20 | Crear | Fishing Ship |
| 14:24 | Construir | Farm |
| 14:40 | Construir | Stable |
| 14:53 | Construir | Mining Camp |
| 15:04 | Crear | Villager (Male) |
| 15:04 | Crear | Villager (Male) |
| 15:05 | Crear | Villager (Male) |
| 15:06 | Edad | Edad de los Castillos |
| 15:09 | Crear | Knight |
| 15:09 | Crear | Knight |
| 15:22 | Construir | Farm |
| 15:25 | Construir | Farm |
| 15:27 | Investigar | Bow Saw |
| 15:57 | Construir | Watch Tower |
| 16:04 | Crear | Knight |
| 16:06 | Crear | Knight |
| 16:09 | Crear | Knight |
| 16:10 | Crear | Knight |
| 16:23 | Construir | Farm |
| 16:43 | Construir | Farm |
| 16:43 | Construir | Farm |
| 16:45 | Construir | Farm |
| 16:45 | Construir | Farm |
| 16:45 | Construir | Farm |
| 16:51 | Crear | Knight |
| 16:51 | Crear | Knight |
| 16:52 | Crear | Knight |
| 17:16 | Construir | Market |
| 17:18 | Investigar | Iron Casting |
| 17:23 | Crear | Knight |
| 17:42 | Construir | Farm |
| 17:42 | Construir | Farm |
| 17:42 | Construir | Farm |
| 17:49 | Construir | Mining Camp |
| 18:10 | Investigar | Chain Barding Armor |
| 18:48 | Crear | Knight |
| 18:48 | Crear | Knight |
| 18:48 | Crear | Knight |
| 18:49 | Crear | Knight |
| 18:52 | Crear | Villager (Male) |
| 18:53 | Crear | Villager (Male) |
| 20:01 | Crear | Villager (Male) |
| 20:01 | Crear | Villager (Male) |
| 20:02 | Crear | Villager (Male) |
| 20:03 | Crear | Villager (Male) |
| 22:15 | Crear | Knight |
| 22:16 | Crear | Knight |
| 22:16 | Crear | Knight |
| 22:16 | Crear | Knight |
| 22:31 | Crear | Knight |
| 22:31 | Crear | Knight |
| 22:31 | Crear | Knight |
| 22:32 | Crear | Knight |
| 22:33 | Crear | Knight |
| 23:11 | Investigar | Pikeman (upgrade) |
| 23:26 | Construir | Monastery |
| 23:28 | Construir | Barracks |
| 23:54 | Crear | Monk |
| 24:05 | Crear | Spearman |
| 24:05 | Crear | Spearman |
| 24:05 | Crear | Spearman |
| 24:05 | Crear | Spearman |
| 24:06 | Crear | Spearman |
| 24:19 | Crear | Spearman |
| 24:19 | Crear | Spearman |
| 24:20 | Crear | Spearman |
| 24:20 | Crear | Spearman |
Cronología de la partida
| 5:58 | Hypoli · first_building Dock |
| 6:14 | Hawk of Avalon · first_building Dock |
| 8:10 | Legolars · first_building Dock |
| 8:50 | Legolars · first_building Barracks |
| 8:53 | Hypoli · first_building Barracks |
| 9:00 | Hawk of Avalon · wall_segment Palisade Wall x7 |
| 9:02 | Hawk of Avalon · wall_segment Palisade Wall x11 |
| 9:10 | Legolars · age_up feudal |
| 9:14 | Hawk of Avalon · wall_segment Palisade Wall x7 |
| 10:04 | Hawk of Avalon · age_up feudal |
| 10:58 | TorjusB · wall_segment Palisade Wall x1 |
| 10:59 | TorjusB · age_up feudal |
| 11:04 | TorjusB · wall_segment Palisade Wall x1 |
| 11:15 | Legolars · first_building Stable |
| 12:01 | Hypoli · age_up feudal |
| 12:46 | Hawk of Avalon · wall_segment Palisade Wall x4 |
| 13:01 | Hypoli · first_building Archery Range |
| 15:06 | Legolars · age_up castle |
| 15:22 | Hawk of Avalon · wall_segment Stone Wall x7 |
| 15:29 | TorjusB · first_building Barracks |
| 15:38 | Hawk of Avalon · age_up castle |
| 15:56 | Hawk of Avalon · first_building Barracks |
| 16:28 | TorjusB · age_up castle |
| 16:47 | Hypoli · age_up castle |
| 17:08 | Hypoli · first_building Castle |
| 17:41 | TorjusB · first_building Castle |
| 18:31 | Hawk of Avalon · first_building Siege Workshop |
| 18:43 | Hypoli · first_building Siege Workshop |
| 19:03 | Hawk of Avalon · first_building Stable |
| 19:32 | TorjusB · wall_segment Stone Wall x1 |
| 19:52 | Hypoli · first_building Monastery |
| 21:18 | Hawk of Avalon · wall_segment Stone Wall x1 |
| 21:32 | Hawk of Avalon · first_building Castle |
| 23:26 | Legolars · first_building Monastery |
| 25:13 | TorjusB · wall_segment Stone Wall x1 |
| 26:04 | TorjusB · first_building Archery Range |
| 26:06 | Legolars · resign |
[ ANÁLISIS IA · 1 CRÉDITO ]
¿Qué pasó realmente en esta partida?
Wolo.gg analiza cada decisión: build order, eco, micro, errores típicos por bracket. Análisis personalizado por WhatsApp o Discord en 30 segundos.
Guía civ
Malayos
Guía mapa
Budapest
Perfil
Jugador #441759